 Dungeon Crawl Stone Soup version 0.29.0-13-gc9e81de378 (webtiles) character file.

Game seed: 14636342085401412915

56 Ofeo the Digger (level 4, -2/33 HPs)
             Began as a Meteoran Earth Elementalist on Sept 8, 2022.
             Slain by Ijyb
             ... wielding a +0 dagger
              (3 damage)
             ... on level 3 of the Dungeon.
             The game lasted 00:02:03 (303 turns).

Ofeo the Digger (Meteoran Earth Elementalist)        Turns: 303, Time: 00:02:03

Health: -2/33      AC:  3    Str: 10    XL:     4   Next: 37%
Magic:  5/10       EV: 13    Int: 18    God:
Gold:   30         SH:  0    Dex: 14    Spells: 8/9 levels left

rFire   . . .      SeeInvis .   (no weapon)
rCold   . . .      Faith    .   (no shield)
rNeg    . . .      Spirit   .   a - +0 robe
rPois   .          Reflect  .   (no helmet)
rElec   .          Harm     .   (no cloak)
rCorr   .          Rampage  .   (no gloves)
Will    .....                   d - +0 pair of boots
Stlth   +.........              (no amulet)
HPRegen 0.11/turn               (no ring)
MPRegen 0.12/turn               (no ring)

@: very slightly contaminated, glowing
A: sense surroundings 1, otherworldly, glowing, explore regen
a: no special abilities


You were on level 3 of the Dungeon.
You visited 1 branch of the dungeon, and saw 3 of its levels.

You collected 30 gold pieces.

Inventory:

Armour
 a - a +0 robe (worn)
 d - a +0 pair of boots (worn)
 e - a scarf of harm
 f - a +0 helmet
Scrolls
 i - a scroll of identify {@r1}
Potions
 b - a potion of magic
 c - a potion of might {@q4}


   Skills:
 + Level 3.0 Dodging
 + Level 1.9 Stealth
 + Level 3.3 Spellcasting
 + Level 2.2 Transmutations
 + Level 4.1 Earth Magic


You had 8 spell levels left.
You knew the following spells:

 Your Spells              Type           Power      Damage    Failure   Level
a - Sandblast             Erth           34%        2d9       3%          1

Your spell library contained the following spells:

 Spells                   Type           Power      Damage    Failure   Level
 Passwall                 Tmut/Erth      11%        N/A       6%          2
 Stone Arrow              Conj/Erth      20%        3d8       21%         3
 Petrify                  Tmut/Erth      14%        N/A       38%         4
 Ozocubu's Armour         Ice            3%         N/A       43%         3
 Ozocubu's Refrigeration  Ice            1%         4d7       100%        7


Dungeon Overview and Level Annotations

Branches:
Dungeon (3/15) Zot: 1476

Altars:
Yredelemnul

Annotations:
D:3 1 runed translucent door, Ijyb


Innate Abilities, Weirdness & Mutations

You passively map a small area around you.
You are easily found by Zot.
You glow in the dark.
You regain HP and MP as you explore.


Message History

Aim: Ijyb, wielding a +0 dagger, wearing a +0 chain mail and carrying a wand of flame (22) (moderately wounded, 82% to hit)
The blast of sand hits Ijyb but does no damage.
Ijyb is moderately wounded.
Ijyb hits you with a +0 dagger.
* * * LOW HITPOINT WARNING * * *
You take 4 damage, and have 7/33 hp.
You now have 7/10 mp.
Casting: Sandblast (safe; 3% risk of failure)
Confirm with . or Enter, or press ? or * to list all spells.
Aiming: Sandblast (safe; 3% risk of failure)
Press: ? - help, Shift-Dir - straight line, f/p - Ijyb
Aim: Ijyb, wielding a +0 dagger, wearing a +0 chain mail and carrying a wand of flame (22) (moderately wounded, 82% to hit)
The blast of sand misses Ijyb.
Ijyb screams, "Me very upset!"
Ijyb hits you with a +0 dagger.
* * * LOW HITPOINT WARNING * * *
Ijyb hits you with a +0 dagger.
* * * LOW HITPOINT WARNING * * *
You take 6 damage, and have 1/33 hp.
You now have 6/10 mp.
Unknown command.
Okay, then.
Okay, then.
Okay, then.
Casting: Sandblast (safe; 3% risk of failure)
Confirm with . or Enter, or press ? or * to list all spells.
Aiming: Sandblast (safe; 3% risk of failure)
Press: ? - help, Shift-Dir - straight line, f/p - Ijyb
Aim: Ijyb, wielding a +0 dagger, wearing a +0 chain mail and carrying a wand of flame (22) (moderately wounded, 82% to hit)
The blast of sand hits Ijyb but does no damage.
Ijyb is moderately wounded.
Ijyb hits you but does no damage.
You now have 5/10 mp.
Casting: Sandblast (safe; 3% risk of failure)
Confirm with . or Enter, or press ? or * to list all spells.
Aiming: Sandblast (safe; 3% risk of failure)
Press: ? - help, Shift-Dir - straight line, f/p - Ijyb
Aim: Ijyb, wielding a +0 dagger, wearing a +0 chain mail and carrying a wand of flame (22) (moderately wounded, 82% to hit)
You miscast Sandblast.
You are very lightly contaminated with residual magic.
Nothing appears to happen.
Ijyb hits you with a +0 dagger.
You die...

, * .##. .# * * , ...
... ,, ..#**..* ## , *
, , ##.. #.# #.. # # ,
#..*###.# #..# * #.##.
#>###...##.... ,
#....###.#....[....# *
#.....<..@.....###
.###.[..(...#g......###
......##.####.....#....
.........###...........
.............../..#####
* ###....###..........#
#......#p#............#
#......#+#....#........
..#...........#..#<.#..
,


You could see Ijyb.

Vanquished Creatures
  A human zombie (D:3)
  A worm (D:2)
  A dart slug (D:1)
  3 ball pythons
  2 endoplasms (D:1)
  A giant cockroach (D:3)
  3 jackals (D:1)
  A quokka (D:2)
  A bat (D:1)
  A jackal skeleton (D:3)
  3 kobolds (D:1)
  A kobold zombie (D:3)
19 creatures vanquished.

Notes
Turn   | Place    | Note
-------+----------+-------------------------------------------
     0 | D:1      | Ofeo the Meteoran Earth Elementalist began the quest for
                  | the Orb.
     0 | D:1      | Reached XP level 1. HP: 14/14 MP: 5/5
   144 | D:1      | Reached XP level 2. HP: 20/20 MP: 3/6
   213 | D:2      | Reached XP level 3. HP: 26/26 MP: 6/8
   262 | D:3      | Noticed a human
   262 | D:3      | Found a runed translucent door.
   278 | D:3      | Reached skill level 4 in Earth Magic
   278 | D:3      | Reached XP level 4. HP: 31/33 MP: 1/9
   282 | D:3      | Found a basalt altar of Yredelemnul.
   289 | D:3      | Noticed Ijyb
   301 | D:3      | HP: 1/33 [Ijyb/+0 dagger (3)]
   303 | D:3      | Slain by Ijyb

Illustrated notes

Levels and vault maps discovered:
D:1:      amcnicky_arrival_underground_garden, layout_loops_corners
D:2:      layout_basic, hellmonk_ecumenical_altar_prayer_group,
          roderic_serpentine_path
D:3:      layout_rooms, grunt_ashenzari_visionary
          [grunt_ashenzari_visionary_shoals, grunt_ashenzari_visionary_snake],
          dk_yredelemnul_ordeal, kennysheep_orc_sif_temple, serial_shops, shop,
          nicolae_grassy_gnolls, uniq_ijyb

Skill      XL: |  1  2  3 |
---------------+----------+-----
Spellcasting   | 3 |  3.3
Dodging        | 3 |  3.0
Transmutations | 2 |  2.2
Earth Magic    | 4 |  4.1
Stealth        | |  1.9

Action                   |  1- 3 |  4- 6 || total
-------------------------+-------+-------++-------
Melee: Unarmed           |     2 |       ||     2
 Cast: Sandblast         |    32 |     8 ||    40
  Use: Scroll            |     1 |       ||     1
Armor: Robe              |    12 |     1 ||    13
Dodge: Dodged            |    16 |       ||    16
